 Dungeon Crawl Stone Soup version 0.30-a0-634-g8abc85282e (webtiles) character file.

Game seed: 15334672394926464328

199 Bnni the Sneak (level 5, -1/28 HPs)
             Began as a Vine Stalker Brigand on Jan 14, 2023.
             Slain by Crazy Yiuf
             ... wielding a +3 quarterstaff of chaos
              (2 damage)
             ... on level 3 of the Dungeon.
             The game lasted 00:05:45 (2238 turns).

Bnni the Sneak (Vine Stalker Brigand)               Turns: 2238, Time: 00:05:46

Health: -1/28      AC: 12    Str: 13    XL:     5   Next: 77%
Magic:  0/6        EV:  3    Int: 11    God:
Gold:   122        SH:  0    Dex: 18    Spells: 4/4 levels left

rFire   . . .      SeeInvis .    v - +0 dagger (elec)
rCold   . . .      Faith    .    (no shield)
rNeg    . . .      Spirit   +    f - +0 plate armour
rPois   .          Reflect  .    u - +0 helmet
rElec   .          Harm     .    c - +0 cloak
rCorr   .          Rampage  .    (no gloves)
Will    .....                    (no boots) Stlth
                                 (no amulet)
HPRegen 1.04/turn                g - ring of flight
MPRegen 0.10/turn                (no ring)

@: lethally poisoned (-1 -> -6), flying
A: fangs 2, regeneration 1, magic shield, antimagic bite, no potion heal 2
a: no special abilities


You were on level 3 of the Dungeon.
You visited 1 branch of the dungeon, and saw 3 of its levels.

You collected 122 gold pieces.

Inventory:

Hand Weapons
 a - a +2 dagger
 v - a +0 dagger of electrocution (weapon)
Missiles
 d - 14 poisoned darts (quivered)
Armour
 c - a +0 cloak (worn)
 f - a +0 plate armour (worn)
 u - a +0 helmet (worn)
Jewellery
 g - a ring of flight (left hand)
 i - a ring of ice
 s - a ring of ice
 t - a ring of fire
Scrolls
 j - 3 scrolls of fog {unknown}
 l - a scroll of silence {unknown}
 n - 4 scrolls of teleportation {unknown}
 r - a scroll of butterflies {unknown}
 w - a scroll of identify {unknown}
 x - a scroll of noise {unknown}
Potions
 b - 2 potions of flight {unknown}
 h - a potion of berserk rage {unknown}
 k - a potion of brilliance {unknown}
 m - 3 potions of degeneration {unknown}
 o - a potion of haste {unknown}
 p - a potion of curing {unknown}
 q - a potion of mutation {unknown}


   Skills:
 + Level 3.2 Fighting
 * Level 4.3 Short Blades
 - Level 1.8 Throwing
 - Level 0.9 Dodging
 - Level 4.9 Stealth


You had 4 spell levels left.
You didn't know any spells.
Your spell library contained the following spells:

 Spells                   Type           Power      Damage    Failure   Level
 Summon Small Mammal      Summ           0%         N/A       100%        1
 Cigotuvi's Dreadful Rot  Necr/Pois/Air  0%         N/A       100%        2
 Call Canine Familiar     Summ           0%         N/A       100%        3
 Summon Guardian Golem    Hex/Summ       0%         N/A       100%        3
 Dispel Undead            Necr           0%         3d6       100%        4
 Death Channel            Necr           0%         N/A       100%        6


Dungeon Overview and Level Annotations

Branches:
Dungeon (3/15)

Altars:

Annotations:
D:3 Crazy Yiuf


Innate Abilities, Weirdness & Mutations

You have extremely sharp teeth.
Your natural rate of healing is unusually fast.
When hurt, damage is shared between your health and your magic reserves.
Your bite disrupts and absorbs the magic of your enemies.
Potions cannot restore your health.


Message History

You throw a curare-tipped dart. The curare-tipped dart hits Crazy Yiuf.
Throw: 2 darts (curare)
Press: ? - help, Shift-Dir - straight line, f/p - Crazy Yiuf
Aim: Crazy Yiuf, wielding a +3 quarterstaff of chaos and wearing a +0 cloak of poison resistance (65% to hit)
You throw a curare-tipped dart.
The curare-tipped dart completely misses Crazy Yiuf.
Crazy Yiuf barely misses you.
Throw: dart (curare)
Press: ? - help, Shift-Dir - straight line, f/p - Crazy Yiuf
Aim: Crazy Yiuf, wielding a +3 quarterstaff of chaos and wearing a +0 cloak of poison resistance (65% to hit)
You throw a curare-tipped dart. The curare-tipped dart hits Crazy Yiuf.
Crazy Yiuf hits you with a +3 quarterstaff of chaos!
Crazy Yiuf freezes you.
You hit Crazy Yiuf. Lightning courses through Crazy Yiuf!
Your bite misses Crazy Yiuf.
Crazy Yiuf is almost dead.
Crazy Yiuf hits you with a +3 quarterstaff of chaos!
Unknown command.
You closely miss Crazy Yiuf. Your bite misses Crazy Yiuf.
Crazy Yiuf is almost dead.
Unknown command.
You barely miss Crazy Yiuf. You bite Crazy Yiuf, but do no damage.
Crazy Yiuf is almost dead.
Crazy Yiuf glowers.
Crazy Yiuf hits you with a +3 quarterstaff of chaos.
You are poisoned.
You hit Crazy Yiuf but do no damage. You bite Crazy Yiuf. You drain his power.
You feel invigorated.
Crazy Yiuf is almost dead.
* * * LOW HITPOINT WARNING * * *
You feel very sick.
Crazy Yiuf hits you with a +3 quarterstaff of chaos!
* * * LOW HITPOINT WARNING * * *
Unknown command.
You closely miss Crazy Yiuf. Your bite misses Crazy Yiuf.
Crazy Yiuf is almost dead.
* * * LOW HITPOINT WARNING * * *
You feel very sick.
Crazy Yiuf hits you with a +3 quarterstaff of chaos.
You die...

#.## ##...............#
## ##)#
###############.#######.
#..# #.).)..##. #.##
##### ##†)...... ##.#
#.()# ##....### #..#
#...# ###### #.## .(.
#.# #g# #.# ##@# #.#
#.## ## #.# ##.# ####.
#.# #.## ########....
#.# ##.## #.......>###
##.#### #...##
########## ....)<#
#....# ......######
#....#
....).#....###....#


You could see Crazy Yiuf.

Vanquished Creatures
  Natasha (thrice) (D:3)
  Robin (D:3)
  An adder (D:2)
  2 dart slugs
  9 orcs (D:3)
  8 ball pythons
  3 endoplasms (D:1)
  3 giant cockroaches (D:1)
  17 goblins
  11 hobgoblins
  3 jackals (D:2)
  6 bats
  5 frilled lizards
  8 kobolds
  6 rats
86 creatures vanquished.

Notes
Turn   | Place    | Note
-------+----------+-------------------------------------------
     0 | D:1      | Bnni the Vine Stalker Brigand began the quest for the Orb.
     0 | D:1      | Reached XP level 1. HP: 11/11 MP: 2/2
   107 | D:1      | Reached XP level 2. HP: 13/15 MP: 1/3
   309 | D:1      | Reached XP level 3. HP: 18/18 MP: 4/4
   994 | D:2      | Gained mutation: Your natural rate of healing is unusually
                  | fast. [Vine Stalker growth]
   994 | D:2      | Reached XP level 4. HP: 23/23 MP: 5/5
  1485 | D:3      | Noticed Natasha
  1491 | D:3      | Killed Natasha
  1540 | D:3      | Noticed Robin
  1583 | D:3      | Killed Robin
  1589 | D:3      | Noticed Natasha
  1600 | D:3      | Killed Natasha
  1601 | D:3      | Reached XP level 5. HP: 17/28 MP: 4/6
  1658 | D:3      | Noticed Natasha
  1669 | D:3      | Killed Natasha
  2032 | D:3      | Found a runed translucent door.
  2033 | D:3      | Noticed Crazy Yiuf
  2238 | D:3      | HP: 1/28 [poisoned by Crazy Yiuf]
  2238 | D:3      | Slain by Crazy Yiuf

Illustrated notes

Levels and vault maps discovered:
D:1:      dpeg_arrival_rooms_with_view, layout_rooms
D:2:      minmay_recursive_quarters, layout_loops_ring,
          kennysheep_cluttered_room
D:3:      layout_rooms, uniq_natasha, uniq_crazy_yiuf_cottage, uniq_robin

Skill      XL: |  1  2  3  4  5 |
---------------+----------------+-----
Short Blades   | 2 3 4 |  4.3
Fighting       | 2 3 |  3.2
Throwing       | |  1.8
Dodging        | |  0.9
Stealth        | |  4.9

Action                   |  1- 3 |  4- 6 || total
-------------------------+-------+-------++-------
Melee: Dagger            |   129 |   137 ||   266
       Bite              |    32 |    36 ||    68
       Punch             |     2 |       ||     2
Throw: Dart              |       |     3 ||     3
 Stab: Sleeping          |     1 |       ||     1
Armor: Plate armour      |    97 |    83 ||   180
Dodge: Dodged            |    21 |    22 ||    43

Table legend: (Time is in decaauts)
 A = Elapsed time spent in this place.
 B = Non-inter-level travel time spent in this place.
 C = Inter-level travel time spent in this place.
 D = Time resting spent in this place.
 E = Time spent auto-exploring this place.
 F = Levels seen in this place.
 G = Mean time per level.
                   A        B        C        D        E       F      G
               +--------+--------+--------+--------+--------+-----+--------+
         Total |   2198 |   2128 |     70 |      0 |   1612 |   3 |  732.7 |
       Dungeon |   2198 |   2128 |     70 |      0 |   1612 |   3 |  732.7 |
               +--------+--------+--------+--------+--------+-----+--------+

Top non-repeatable levels by time:
     D:2: 804 daAuts
     D:3: 731 daAuts
     D:1: 663 daAuts
